 Dungeon Crawl Stone Soup version 0.28-a0-1184-g53156a8862 (webtiles) character file.

Game seed: 10780270366059804623

1666 frimble the Grasshopper (level 8, -30/56 HPs)
             Began as a Demonspawn Warper on Dec 18, 2021.
             Annihilated by an orc knight (37 damage)
             ... in a bailey.
             The game lasted 00:10:22 (9170 turns).

frimble the Grasshopper (Demonspawn Warper)         Turns: 9170, Time: 00:10:22

Health: -30/56     AC: 11    Str: 17    XL:     8   Next: 69%
Magic:  6/11       EV: 16    Int: 17    God:
Gold:   325        SH:  4    Dex: 13    Spells: 9/11 levels left

rFire   . . .      SeeInvis .   f - +5 short sword
rCold   . . .      Faith    .   (no shield)
rNeg    . . .      Spirit   .   i - +0 ring mail
rPois   .          Reflect  .   (no helmet)
rElec   .          Harm     .   (no cloak)
rCorr   .          Rampage  .   (no gloves)
Will    +....                   (no boots)
Stlth   +.........              j - amulet of the acrobat
HPRegen 0.18/turn               u - ring "Ubez" {EV+4 Str+6}
MPRegen 0.24/turn               a - ring of willpower

@: sanguine armoured, very slightly contaminated
A: magic regeneration, sanguine armour 1, condensation shield, demonic touch 1
a: no special abilities


You were in a bailey.
You visited 2 branches of the dungeon, and saw 8 of its levels.
You also visited: Bailey.

You collected 325 gold pieces.

Inventory:

Hand Weapons
 f - a +5 short sword (weapon)
Missiles
 d - 5 boomerangs of dispersal
 h - 2 poisoned darts
 o - a boomerang (quivered)
Armour
 b - a +0 buckler
 i - a +0 ring mail (worn)
Jewellery
 a - a ring of willpower (right hand)
 j - an amulet of the acrobat (around neck)
 p - a ring of see invisible
 u - the ring "Ubez" (left hand) {EV+4 Str+6}
   (You acquired it on level 7 of the Dungeon)

   [ring of evasion]

   EV:        It affects your evasion (+4).
   Str:       It affects your strength (+6).
Wands
 m - a wand of iceblast (3)
 v - a wand of flame (9)
Scrolls
 c - a scroll of blinking
 q - a scroll of magic mapping
 r - a scroll of enchant weapon
Potions
 g - a potion of lignification
 k - a potion of cancellation
 l - a potion of curing
 n - 3 potions of mutation
 s - 3 potions of invisibility
 t - a potion of heal wounds {unknown}
 w - a potion of magic {unknown}


   Skills:
 - Level 2.0 Fighting
 - Level 5.9(6.0) Short Blades
 - Level 0.1(3.6) Long Blades
 + Level 2.5 Throwing
 - Level 1.3 Armour
 - Level 5.6 Dodging
 - Level 2.0 Spellcasting
 - Level 6.0 Translocations
 - Level 1.6 Evocations


You had 9 spell levels left.
You knew the following spells:

 Your Spells              Type           Power      Damage    Failure   Level
a - Blink                 Tloc           44%        N/A       4%          2

Your spell library contained the following spells:

 Spells                   Type           Power      Damage    Failure   Level
 Gell's Gravitas          Tloc           22%        N/A       9%          3
 Lesser Beckoning         Tloc           22%        N/A       9%          3
 Teleport Other           Tloc           22%        N/A       9%          3
 Manifold Assault         Tloc           22%        N/A       63%         5


Dungeon Overview and Level Annotations

Branches:
Dungeon (7/15)             Temple (1/1) D:7          Bailey (1/1)

Altars:
Elyvilon
Okawaru
Qazlal
Ru
Sif Muna
Yredelemnul
The Shining One

Annotations:
D:7 Joseph


Innate Abilities, Weirdness & Mutations

You regenerate magic rapidly.
When seriously injured, your blood forms armour. (AC +6)
A meltable shield of frost defends you. (SH +4)
Your touch may inflict minor irresistible damage on your foes.


Message History

You open the door.
The orc knight shouts! x2
The orc knight roars a battlecry!
The orc knight goes into a battle-frenzy!
The orc knight roars a battlecry!
The orc knight goes into a battle-frenzy!
There is an open door here.
Okay, then.
Unknown command.
Casting: Blink (safe; 4% risk of failure)
Confirm with . or Enter, or press ? or * to list all spells.
You blink.
There is an open door here.
You feel stable enough to blink again.
Casting: Blink (safe; 4% risk of failure)
Confirm with . or Enter, or press ? or * to list all spells.
You blink.
You block the orc knight's attack.
The orc knight hits you from afar with a +0 glaive!!
Ouch! That really hurt!
Your blood congeals into armour.
Okay, then.
The orc knight barely misses you. The orc knight misses you.
You feel stable enough to blink again. The orc knight barely misses you.
Casting: Blink (safe; 4% risk of failure)
Confirm with . or Enter, or press ? or * to list all spells.
You blink.
The orc knight barely misses you.
You feel stable enough to blink again.
The orc knight hits you from afar with a +0 glaive!!
* * * LOW HITPOINT WARNING * * *
The orc knight misses you.
Casting: Blink (safe; 4% risk of failure)
Confirm with . or Enter, or press ? or * to list all spells.
You miscast Blink.
You are very lightly contaminated with residual magic.
Nothing appears to happen.
The orc knight hits you from afar with a +0 glaive!!!
Ouch! That really hurt!
You die...

##########..≈≈..###..≈≈..######
#..........≈≈.)## ##..≈≈.......
#.≈≈≈≈≈≈≈≈≈≈..##.∩.##..≈≈≈≈≈≈≈≈
#.≈..........##.....##....)....
#.≈.#########'###+#############
#.≈.##.....##.........## ##
#.≈..##...##..≈≈≈≈≈≈≈..+# ##.
#.≈≈..##.##..≈≈.....≈§..## ##..
#∩.≈≈..#'#.§§≈@.o∩⌠.§§≈..# #..≈
##.≈≈..#'#.§≈§..o⌠..§≈≈..# #..≈
#.≈≈).##.##§§§≈...§§§§..## ##..
#.≈..##...##..≈≈§≈§§≈..## ##.
#.≈)##.....'#.....§.§.##.$$$.##
#.≈.#############+#############
#.≈..........## #####)
#.≈≈≈≈≈≈≈≈≈≈..## #######≈≈≈≈≈
#..........≈≈..## ##...##......


You could see 2 orc knights.

Vanquished Creatures
  A troll (D:5)
  Sigmund (D:3)
  A water moccasin (D:7)
  An orc warrior (Bailey)
  A sky beast (D:5)
  An ogre (D:5)
  A centaur (D:6)
  A phantom (D:5)
  3 scorpions
  A water moccasin skeleton (D:5)
  A wyvern skeleton (D:6)
  2 bullfrog zombies (D:6)
  A bullfrog skeleton (D:6)
  2 orc priests
  A centaur skeleton (D:5)
  A hound (D:5)
  2 iguanas
  An orc wizard (D:3)
  A hound skeleton (D:5)
  6 adders
  A white imp (D:6)
  An ufetubus (D:5)
  2 worms
  2 dart slugs (D:2)
  30 orcs
  3 endoplasms
  2 giant cockroaches
  11 goblins
  5 hobgoblins
  4 jackals
  9 kobolds
  3 quokkas
  10 ball pythons
  6 bats
  2 rats (D:2)
121 creatures vanquished.

Vanquished Creatures (others)
  An orc wizard (D:6)
  2 plants (D:6)
3 creatures vanquished.

Grand Total: 124 creatures vanquished

Notes
Turn   | Place    | Note
-------+----------+-------------------------------------------
     0 | D:1      | frimble the Demonspawn Warper began the quest for the Orb.
     0 | D:1      | Reached XP level 1. HP: 16/16 MP: 3/3
   116 | D:1      | Reached skill level 1 in Throwing
   265 | D:1      | Reached skill level 1 in Armour
   443 | D:1      | Gained mutation: When seriously injured, your blood forms
                  | armour. (AC +6) [demonic ancestry]
   443 | D:1      | Reached XP level 2. HP: 16/22 MP: 5/5
   611 | D:1      | Found a faded altar of an unknown god.
  2056 | D:2      | Reached XP level 3. HP: 16/27 MP: 6/6
  2207 | D:2      | Reached skill level 3 in Translocations
  2210 | D:2      | Learned a level 2 spell: Blink
  3153 | D:3      | Reached XP level 4. HP: 8/33 MP: 7/7
  3642 | D:3      | Found a sacrificial altar of Ru.
  3877 | D:3      | Noticed Sigmund
  3897 | D:3      | Killed Sigmund
  3898 | D:3      | Reached skill level 4 in Translocations
  3898 | D:3      | Reached XP level 5. HP: 17/38 MP: 8/8
  4093 | D:3      | Gained mutation: Your touch may inflict minor irresistible
                  | damage on your foes. [demonic ancestry]
  4093 | D:3      | Reached XP level 6. HP: 39/44 MP: 9/9
  5300 | D:5      | Entered Level 5 of the Dungeon
  5621 | D:5      | Gained mutation: You regenerate magic rapidly. [demonic
                  | ancestry]
  5621 | D:5      | Reached XP level 7. HP: 46/50 MP: 10/10
  6128 | D:5      | Reached skill level 5 in Translocations
  6351 | D:5      | Found an iron altar of Okawaru.
  6657 | D:5      | Found a basalt altar of Yredelemnul.
  6962 | D:6      | Noticed a troll
  6976 | D:5      | Killed a troll
  6977 | D:5      | Reached skill level 5 in Short Blades
  6977 | D:5      | Reached skill level 5 in Dodging
  6977 | D:5      | Gained mutation: A meltable shield of frost defends you.
                  | (SH +4) [demonic ancestry]
  6977 | D:5      | Reached XP level 8. HP: 44/56 MP: 9/11
  7431 | D:6      | Found a stormy altar of Qazlal.
  7706 | D:6      | Reached skill level 6 in Translocations
  7851 | D:6      | Found a shimmering blue altar of Sif Muna.
  8064 | D:7      | Identified a scroll of acquirement
  8064 | D:7      | Acquired the ring "Ubez" {EV+4 Str+6}
  8071 | D:7      | Noticed Joseph
  8094 | D:7      | HP: 2/56 [poisoned by a water moccasin]
  8095 | D:7      | Reached skill level 1 in Evocations
  8099 | D:7      | Found a staircase to the Ecumenical Temple.
  8107 | Temple   | Entered the Ecumenical Temple
  8352 | D:7      | Found a flagged portal.
  8404 | Bailey   | Entered a bailey
  8919 | Bailey   | Noticed an orc knight
  8919 | Bailey   | Noticed an orc knight
  9170 | Bailey   | Annihilated by an orc knight

Illustrated notes

Levels and vault maps discovered:
D:1:      kilobyte_arrival_exit_the_forest, layout_basic,
          basic_ecumenical_altar, kennysheep_small_spiral
D:2:      layout_basic, st_stairs_1, minmay_close_crescents
D:3:      layout_basic, nicolae_ru_sacrificial_ziggurat, tso_altar, uniq_sigmund
D:4:      layout_basic
D:5:      layout_basic, kennysheep_ying_yang, okawaru_metal_pillars_1_2
D:6:      layout_cave_pools, mainiacjoe_overflow_chevrons, lemuel_doored_altar
D:7:      layout_loops_corners, minmay_temple_entry_junction, enter_bailey_5,
          uniq_joseph, uniq_menkaure
Temple:   minmay_temple_curvy_loop
Bailey:   bailey_polearm_1, bailey

Skill      XL: |  1  2  3  4  5  6  7  8 |
---------------+-------------------------+-----
Throwing       | 1 2 |  2.5
Armour         | 1 |  1.3
Short Blades   | 2 3 4 5 |  5.9
Dodging        | 2 3 4 5 |  5.6
Translocations | 3 4 5 6 |  6.0
Evocations     | 1 |  1.6
Fighting       | |  2.0
Long Blades    | |  0.1
Spellcasting   | |  2.0

Action                   |  1- 3 |  4- 6 |  7- 9 || total
-------------------------+-------+-------+-------++-------
Melee: Short sword       |   155 |   137 |   183 ||   475
       Long sword        |    17 |       |       ||    17
       Touch             |       |    18 |    32 ||    50
Throw: Dart              |       |     3 |    13 ||    16
       Boomerang         |       |       |    52 ||    52
 Cast: Blink             |       |       |    10 ||    10
Evoke: Wand              |       |       |     4 ||     4
  Use: Scroll            |     4 |     2 |     4 ||    10
       Potion            |       |       |     6 ||     6
Armor: Leather armour    |    21 |       |       ||    21
       Ring mail         |    48 |    33 |    45 ||   126
       Skin              |       |       |    20 ||    20
Dodge: Dodged            |    76 |    90 |   123 ||   289
Block: Other             |       |       |    24 ||    24

Table legend: (Time is in decaauts)
 A = Elapsed time spent in this place.
 B = Non-inter-level travel time spent in this place.
 C = Inter-level travel time spent in this place.
 D = Time resting spent in this place.
 E = Time spent auto-exploring this place.
 F = Levels seen in this place.
 G = Mean time per level.
                   A        B        C        D        E       F      G
               +--------+--------+--------+--------+--------+-----+--------+
         Total |   9158 |   8976 |    182 |    873 |   6858 |   9 | 1017.6 |
       Dungeon |   8158 |   7976 |    182 |    379 |   6622 |   7 | 1165.4 |
        Temple |    228 |    228 |      0 |    227 |      0 |   1 |  228.0 |
        Bailey |    771 |    771 |      0 |    267 |    236 |   1 |  771.0 |
               +--------+--------+--------+--------+--------+-----+--------+

Top non-repeatable levels by time:
     D:3: 1821 daAuts
     D:1: 1798 daAuts
     D:5: 1558 daAuts
     D:2: 1062 daAuts
     D:6: 914 daAuts
     D:4: 897 daAuts
  Bailey: 771 daAuts
  Temple: 228 daAuts
     D:7: 105 daAuts
